 Dungeon Crawl Stone Soup version 0.25.1-2-g60ff931df9 (webtiles) character file.

Game seed: 6860961600755743042

37 Delamore the Cudgeler (level 3, -8/23 HPs)
             Began as a Gargoyle Fighter on Aug 20, 2020.
             Mangled by Sigmund
             ... wielding a +0 scythe
              (11 damage)
             ... on level 2 of the Dungeon.
             The game lasted 00:00:48 (921 turns).

Delamore the Cudgeler (Gargoyle Fighter)             Turns: 921, Time: 00:00:48

Health: -8/23      AC: 10    Str: 20    XL:     3   Next: 39%
Magic:  3/3        EV:  7    Int:  8    God:
Gold:   50         SH:  0    Dex:  9    Spells: 2/2 levels left

rFire    . . .     SeeInvis .   a - +0 flail
rCold    . . .     Gourm    .   c - +0 kite shield
rNeg     + . .     Faith    .   b - +0 scale mail
rPois    ∞         Spirit   .   (no helmet)
rElec    +         Reflect  .   (no cloak)
rCorr    .         Harm     .   (no gloves)
MR       .....                  (no boots)
Stlth    ..........             (no amulet)
HPRegen  0.07/turn              (no ring)
MPRegen  0.08/turn              (no ring)

@: confused
A: negative energy resistance 1, electricity resistance, unbreathing,
petrification resistance, rot immunity, AC +3
a: no special abilities


You were on level 2 of the Dungeon.
You were not hungry.

You visited 1 branch of the dungeon, and saw 2 of its levels.

You collected 50 gold pieces.

Inventory:

Hand Weapons
 a - a +0 flail (weapon)
Armour
 b - a +0 scale mail (worn)
 c - a +0 kite shield (worn)
Jewellery
 k - an uncursed amulet of regeneration {unknown}
Scrolls
 h - 2 scrolls of remove curse {unknown}
 j - a scroll of noise {unknown}
 l - 2 scrolls of fog {unknown}
 n - a scroll of blinking {unknown}
Potions
 d - a potion of might
 e - a potion of lignification {unknown}
 i - a potion of curing {unknown}
 m - a potion of ambrosia {unknown}
Comestibles
 f - 4 rations
 g - 2 chunks of flesh


   Skills:
 - Level 3.2 Fighting
 + Level 3.7 Maces & Flails
 - Level 3.2 Armour
 - Level 3.2 Shields


You had 2 spell levels left.
You didn't know any spells.
Your spell library was empty.

Dungeon Overview and Level Annotations

Branches:
Dungeon (2/15)

Altars:
Elyvilon
Fedhas
Ru
Trog
Yredelemnul
Zin

Annotations:
D:2 Sigmund


Innate Abilities, Weirdness & Mutations

You are resistant to torment.
Your stone body is resilient. (AC +3)
You are immune to poison.
You resist negative energy. (rN+)
You are resistant to electric shocks. (rElec)
You can survive without breathing.
You are immune to petrification.
You are immune to rotting.


Message History

You are more confused.
Sigmund points at you and mumbles some strange words.
You are more confused.
You bump into the rock wall.
Sigmund hits you with a +0 scythe.
* * * LOW HITPOINT WARNING * * *
You bump into the rock wall.
You bump into the rock wall.
Sigmund points at you and mumbles some strange words.
You are more confused.
You're too confused to move!
Sigmund hits you with a +0 scythe.
* * * LOW HITPOINT WARNING * * *
You miss Sigmund.
Sigmund is severely wounded.
Sigmund completely misses you.
You miss Sigmund.
Sigmund is severely wounded.
Sigmund gestures at you while chanting.
The puff of flame hits you but does no damage.
You bump into the rock wall.
Sigmund hits you with a +0 scythe!
You die...

#########.# #.# ..# #.#
#### #.# ### #.# ..# #.#
#.# #.# #.# #.# #@# #.#
#######@# #.# #....##.#
#####.## ###.......#
#......# #..._...###
#.###.##
########._.......###.######
..........................#
#######....8.._.####.##.###
#.........# #.##.#
##)_.....## #.##.#


You could see Sigmund.

Vanquished Creatures
  An adder (D:2)
  A worm (D:2)
  A dart slug (D:1)
  3 giant cockroaches (D:1)
  2 goblins
  3 hobgoblins (D:1)
  3 bats
  A frilled lizard (D:1)
  4 kobolds
  6 rats (D:1)
25 creatures vanquished.

Notes
Turn   | Place    | Note
-------+----------+-------------------------------------------
     0 | D:1      | Delamore the Gargoyle Fighter began the quest for the Orb.
     0 | D:1      | Reached XP level 1. HP: 14/14 MP: 1/1
    59 | D:1      | Reached XP level 2. HP: 17/19 MP: 2/2
   629 | D:2      | Found a sacrificial altar of Ru.
   635 | D:2      | Reached XP level 3. HP: 23/23 MP: 3/3
   780 | D:2      | Found a blossoming altar of Fedhas.
   842 | D:2      | Found a glowing silver altar of Zin.
   844 | D:2      | Found a bloodstained altar of Trog.
   845 | D:2      | Found a basalt altar of Yredelemnul.
   845 | D:2      | Found a white marble altar of Elyvilon.
   898 | D:2      | Noticed Sigmund
   921 | D:2      | Mangled by Sigmund

Illustrated notes

Levels and vault maps discovered:
D:1:      eino_arrival_water_cross, layout_loops_ring
D:2:      minmay_angry_zag, layout_basic, nicolae_ru_awakened_eye,
          grunt_temple_overflow_open, led_sif_pool, uniq_sigmund, uniq_terence

Skill      XL: |  1  2 |
---------------+-------+-----
Maces & Flails | 3 |  3.7
Fighting       | |  3.2
Armour         | |  3.2
Shields        | |  3.2

Action                   || total
-------------------------++-------
Melee: Flail             ||    94
Armor: Scale mail        ||    41
Dodge: Dodged            ||    28
Block: Kite shield       ||    44
